[Event "*** Titled Tuesday Blitz"]
[Site "Chess.com"]
[Date "2018.01.02"]
[Round "3"]
[White "DrVelja"]
[Black "JammyDodger91"]
[Result "1-0"]
[WhiteElo "2552"]
[BlackElo "2377"]
[TimeControl "180+2"]
[EndTime "13:38:45 PST"]
[Termination "DrVelja won by resignation"]

1. e4 e5 2. Nf3 Nc6 3. d4 exd4 4. Nxd4 Nf6 5. Nxc6 bxc6 6. e5 Qe7 7. Qe2 Nd5 8.
h4 f6 9. c4 Nb6 10. Rh3 d6 11. e6 Bxe6 12. Re3 Kf7 13. Nc3 Qd7 14. b3 Re8 15. Bb2 Bf5 16. O-O-O Rxe3 17. Qxe3 h5 18. c5 Nc8 19. Bc4+ Be6 20. Bd3 d5 21. Ne2 Bf5 22.
Bxf5 Qxf5 23. Nd4 Qd7 24. b4 Ne7 25. Re1 Ng6 26. f4 Nxh4 27. Qd3 Nxg2 28. Rf1 h4 29. f5 h3 30. Qf3 a5 31. Ne6 axb4 32. Rh1 Qc8 33.
Rxh3 Rxh3 34. Qxh3 Qa6 35. Qxg2 Qc4+ 36. Kb1 Qd3+ 37.
Qc2 Qf1+ 38. Bc1 Be7 39. Nxc7 Bd8 40. Ne6 Ba5 41. Nd4 Bc7 42. Nxc6 Bf4 43. Nd4 Qg1 44.
Ne6 Bxc1 45. Qxc1 Qf1 46. Qxf1 1-0

[Event "*** Titled Tuesday Blitz"]
[Site "Chess.com"]
[Date "2018.01.02"]
[Round "3"]
[White "viktorskliarov"]
[Black "djogrodek1"]
[Result "0-1"]
[WhiteElo "2426"]
[BlackElo "2447"]
[TimeControl "180+2"]
[EndTime "13:38:50 PST"]
[Termination "djogrodek1 won by resignation"]

1. e4 c5 2. Nf3 d6 3. d4 cxd4 4.
Qxd4 Nf6 5. Nc3 Bd7 6. Bg5 Nc6 7.
Qd2 e6 8. O-O-O Be7 9. Bxf6 gxf6 10.
Kb1 a6 11. Nd4 Rc8 12. f4 b5 13. f5 Qb6 14. Be2 b4 15. fxe6 fxe6 16. Bh5+ Kd8 17. Nce2 Kc7 18. Bf7 e5 19. Nxc6 Bxc6 20. Bd5 a5 21.
Ng3 Bd7 22. Rhf1 Kb8 23. Nh5 Bg4 24. Nxf6 Bxf6 25. Rxf6 Bxd1 26. Qxd1 Rhf8 27. Re6 Qd4 28. Qc1 Rf2 29. Re7 Rcxc2 30. Rb7+ Kc8 31. Qxc2+ Rxc2 32. Kxc2 h5 33. Kb3 Qd3+ 34. Ka4 Qc2+ 35. Kxa5 Qxb2 36. Rxb4 Qxg2 37. Kb6 Qxh2 38. Kc6 Qc2+ 39. Kxd6 Qc7+ 40. Ke6 h4 41. Rc4 h3 42. Rxc7+ Kxc7 43. Kxe5 h2 44. Kd4 h1=Q 45. Kc5 Qc1+ 46. Kb5 Kd6 47. Kb4 Qc5+ 48. Kb3 Ke5 49. a4 Kd4 50.
Kb2 Qb4+ 51. Kc2 Qxa4+ 52. Kd2 Qa3 53. Ke2 Qe3+ 54. Kf1 Qd2 55. Kg1 Ke3 56. Kh1 Kf3 0-1

[Event "*** Titled Tuesday Blitz"]
[Site "Chess.com"]
[Date "2018.01.02"]
[Round "3"]
[White "ViktorMatviishen"]
[Black "goingin33"]
[Result "1-0"]
[WhiteElo "2244"]
[BlackElo "2231"]
[TimeControl "180+2"]
[EndTime "13:38:52 PST"]
[Termination "ViktorMatviishen won by checkmate"]

1. d4 g6 2. c4 Bg7 3. Nc3 c5 4. Nf3 cxd4 5. Nxd4 Nc6 6. Nc2 Nf6 7. e4 O-O 8. Be2 d6 9. O-O Nd7 10. Rb1 a5 11. Be3 Nc5 12. f3 f5 13. Qd2 Be6 14. b3 f4 15. Bf2 g5 16. Nd5 Ne5 17. Nd4 Bxd5 18. exd5 Qe8 19. Qc2 Qh5 20. Nf5 Bf6 21. Bxc5 dxc5 22. Qe4 Qg6 23. Rfe1 Rae8 24. Bd1 Nd7 25.
Qe6+ Kh8 26. Qxd7 Bc3 27. Bc2 Bxe1 28. Rxe1 Qf6 29. Qe6 Qc3 30. Qe5+ Qxe5 31. Rxe5 a4 32. bxa4 e6 33. dxe6 Rf6 34. Nd6 Rexe6 35. Rxe6 Rxe6 36. Ne4 Re5 37. Kf2 b6 38. Ke2 h6 39. Kd3 Kg8 40. Kc3 Kf8 41. Kb3 Re6 42. a5 bxa5 43. Ka4 Rb6 44.
Bb3 g4 45. Kxa5 gxf3 46. gxf3 Rg6 47. Nxc5 Rg2 48. Kb6 Rxh2 49. a4 h5 50. a5 Rg2 51.
a6 Rg6+ 52. Kc7 Rg7+ 53. Kd6 h4 54. Ne6+ Kf7 55. Nxg7 h3 56. a7 h2 57. a8=Q h1=Q 58. Nf5 Qb1 59. Qd5+ Kg6 60. Qe6+ Kg5 61. Qe7+ Kxf5 62.
Qh7+ Kg5 63. Qxb1 Kh5 64. Qf5+ Kh4 65. Qg4# 1-0

[Event "*** Titled Tuesday Blitz"]
[Site "Chess.com"]
[Date "2018.01.02"]
[Round "3"]
[White "alpasya2009"]
[Black "LuisFSiles"]
[Result "0-1"]
[WhiteElo "2301"]
[BlackElo "2225"]
[TimeControl "180+2"]
[EndTime "13:38:52 PST"]
[Termination "LuisFSiles won by resignation"]

1. d4 Nf6 2. c4 g6 3. Nc3 Bg7 4. e4 d6 5. Nf3 O-O 6. h3 c5 7.
d5 e6 8. Bd3 Na6 9. Be3 Nc7 10.
O-O exd5 11. exd5 Re8 12. a4 Nd7 13. Bf4 Ne5 14. Nxe5 Bxe5 15. Bxe5 Rxe5 16. Qf3 Bd7 17. Rfe1 Qe7 18. Kf1 Re8 19. Rxe5 Qxe5 20. Kg1 b6 21. a5 b5 22. cxb5 Rb8 23. b6 axb6 24. axb6 Rxb6 25. Ra7 c4 26. Rxc7 cxd3 27. Rxd7 f5 28. Qxd3 Rxb2 29. g3 Qe1+ 30. Qf1 Qxc3 31. Re7 Qc2 32. Kg2 Qc5 33. Re2 Qxd5+ 34. f3 Qb5 35. Kf2 Rxe2+ 36. Qxe2 Qxe2+ 37. Kxe2 Kf7 38. Ke3 Ke6 39. Kd4 g5 40. f4 gxf4 41. gxf4 h5 42. h4 Ke7 43. Kd5 Kd7 44. Kc4 Kc6 45.
Kd4 d5 46. Ke5 Kc5 47. Kxf5 d4 48. Ke4 Kc4 49. f5 d3 50. f6 d2 51. f7 d1=Q 52. f8=Q Qe2+ 0-1

[Event "*** Titled Tuesday Blitz"]
[Site "Chess.com"]
[Date "2018.01.02"]
[Round "3"]
[White "MateusViageiro"]
[Black "Hanging_pointer"]
[Result "1-0"]
[WhiteElo "2176"]
[BlackElo "2230"]
[TimeControl "180+2"]
[EndTime "13:38:53 PST"]
[Termination "MateusViageiro won by resignation"]

1. e4 c5 2. Nf3 e6 3. g3 Nc6 4. Bg2 a6 5. O-O Nf6 6. Re1 d6 7. d4 cxd4 8. Nxd4 Bd7 9. c4 Qc7 10. b3 Be7 11. Ba3 Nxd4 12. Qxd4 Bc6 13. Nc3 O-O 14.
Rac1 Qb8 15. Nd5 Nxd5 16. exd5 e5 17. Qd3 Bd7 18. f4 f6 19. fxe5 fxe5 20. Rxe5 dxe5 21.
Bxe7 Bf5 22. Qe3 Re8 23. d6 e4 24. Qc5 Qc8 25. Qd4 Qd7 26. Qc5 Rac8 27. Qd5+ Kh8 28. Rf1 Bg6 29. Qe5 b5 30. c5 a5 31. h4 h6 32. Kh2 Rxe7 33. dxe7 Re8 34. Rf8+ Kh7 35. Rxe8 Qxe8 36. Bxe4 Bxe4 37. Qxe4+ Kg8 38. Qd5+ Kh7 39. Qf5+ Kg8 40. Qe6+ Kh7 41. Qe4+ Kg8 42. c6 Kf7 43. c7 a4 44. bxa4 bxa4 45. Qd5+ Kf6 46. Qd8 Qb5 47. e8=Q+ 1-0

[Event "*** Titled Tuesday Blitz"]
[Site "Chess.com"]
[Date "2018.01.02"]
[Round "3"]
[White "Summer-Paradise"]
[Black "Divertissement"]
[Result "0-1"]
[WhiteElo "2520"]
[BlackElo "2435"]
[TimeControl "180+2"]
[EndTime "13:38:58 PST"]
[Termination "Divertissement won by resignation"]

1. d4 e6 2. c4 Nf6 3. Nf3 d5 4. Nc3 Be7 5. Bg5 h6 6. Bh4 O-O 7. e3 b6 8. Be2 Bb7 9. Bxf6 Bxf6 10.
cxd5 exd5 11. b4 a6 12. O-O Be7 13. Qb3 c6 14. a4 Bd6 15. Rfd1 Nd7 16. b5 Nf6 17.
bxc6 Bxc6 18. Rab1 Bc7 19. Rdc1 Qd6 20. g3 Ne4 21.
Ne5 Nd2 22. Qc2 Nc4 23. Nxc4 dxc4 24. Bxc4 Bb7 25. Bd3 Rac8 26. Be4 Bxe4 27. Qxe4 Rfe8 28. Qd5 Qg6 29. Ne2 Rcd8 30. Qc6 Bd6 31. Rxb6 Qg4 32.
Qc2 h5 33. Kg2 h4 34. h3 Qg5 35. g4 Qd5+ 36. Kg1 Qf3 37. Rxd6 Rxd6 38. Nf4 Rf6 39. Qc5 Rxe3 40. fxe3 Qxe3+ 41. Kh1 Rxf4 42. Qc3 Qe4+ 43.
Kg1 Rf3 44. Qc8+ Kh7 45. Qc2 Rd3 46. Rf1 Qxd4+ 47. Rf2 Qe4 48. Re2 Rg3+ 49. Kf2 Rg2+ 50. Kf1 Qxc2 0-1

[Event "*** Titled Tuesday Blitz"]
[Site "Chess.com"]
[Date "2018.01.02"]
[Round "3"]
[White "DrZeiss"]
[Black "51616516516"]
[Result "0-1"]
[WhiteElo "2150"]
[BlackElo "2061"]
[TimeControl "180+2"]
[EndTime "13:38:58 PST"]
[Termination "51616516516 won by resignation"]

1. e4 c5 2. Nf3 g6 3. d4 cxd4 4. Nxd4 Nc6 5. Nc3 Bg7 6. Nde2 Nf6 7. g3 b5 8. Bg2 Rb8 9. O-O O-O 10. h3 d6 11. Be3 a5 12. Nd5 Be6 13. b3 b4 14. Rc1 Nd7 15. Qd2 Nc5 16. Bh6 Ne5 17.
Nd4 Bd7 18. Bxg7 Kxg7 19. f4 Nc6 20. c4 Kg8 21. Rcd1 Nxd4 22. Qxd4 Bc6 23. f5 Bxd5 24.
Qxd5 Nd7 25. g4 Rc8 26. Qd2 Ne5 27. Qh6 Qb6+ 28. Kh1 f6 29. Rd5 g5 30. Rb5 Qe3 31. Rxa5 Ra8 32. Rb5 Rxa2 33. Rb7 Re8 34. Qh5 Nf7 35.
c5 Rxg2 36. Kxg2 Qxe4+ 37. Rf3 Qxb7 38. h4 dxc5 39. Kf2 Rd8 40. Re3 c4 41. bxc4 b3 42. hxg5 Nxg5 43. Qh1 Qxh1 44. Rxb3 Rd2+ 45. Ke3 Rh2 46.
Rb8+ Kf7 47. Rf8+ Kxf8 0-1

[Event "*** Titled Tuesday Blitz"]
[Site "Chess.com"]
[Date "2018.01.02"]
[Round "3"]
[White "Kimster98"]
[Black "attack2mateU"]
[Result "1-0"]
[WhiteElo "2493"]
[BlackElo "2617"]
[TimeControl "180+2"]
[EndTime "13:39:04 PST"]
[Termination "Kimster98 won by resignation"]

1. d4 Nf6 2. c4 e6 3. Nf3 b6 4. g3 Ba6 5. b3 Bb4+ 6. Bd2 Be7 7. Bg2 c6 8. Bc3 d5 9. Nbd2 O-O 10.
O-O Nbd7 11. Re1 c5 12. e4 dxe4 13. Nxe4 Nxe4 14. Rxe4 Bb7 15. Re3 cxd4 16. Bxd4 Bf6 17. Bxf6 Qxf6 18. Qd4 Rfd8 19. Qxf6 Nxf6 20. Ne5 Bxg2 21.
Kxg2 Rd2 22. Kf1 Rad8 23. Re2 Kf8 24. Rae1 R8d6 25. Rxd2 Rxd2 26. Re2 Rd6 27. f3 Ne8 28. Ke1 f6 29. Ng4 h5 30. Nf2 Ke7 31. Rd2 e5 32.
Ne4 Rxd2 33. Kxd2 Ke6 34. Kd3 f5 35. Ng5+ Kf6 36. h4 Nd6 37. b4 Ke7 38. c5 bxc5 39. bxc5 Nb5 40. Kc4 Nc7 41. a4 a5 42. c6 Kd6 43. Nf7+ Ke6 44. Nd8+ Ke7 45. Nb7 g5 46. hxg5 f4 47. gxf4 h4 48. f5 h3 49. f6+ Kf8 50.
g6 h2 51. Nc5 Ne6 52. Nxe6+ Ke8 1-0

[Event "*** Titled Tuesday Blitz"]
[Site "Chess.com"]
[Date "2018.01.02"]
[Round "3"]
[White "Kirill_Klukin"]
[Black "colemman"]
[Result "1-0"]
[WhiteElo "2455"]
[BlackElo "2425"]
[TimeControl "180+2"]
[EndTime "13:39:06 PST"]
[Termination "Kirill_Klukin won by resignation"]

1. c4 c6 2. Nf3 d5 3. e3 Nf6 4. b3 e6 5. Bb2 Nbd7 6. Be2 Bd6 7.
O-O Qe7 8. d4 O-O 9. Ne5 Ne4 10.
Nd2 Nxd2 11. Qxd2 f6 12. Nxd7 Bxd7 13. Rac1 Be8 14. Bf3 Bg6 15. Rfe1 f5 16. g3 Rae8 17.
Bg2 Bh5 18. f3 dxc4 19. bxc4 e5 20. d5 c5 21. f4 b6 22. e4 exf4 23. e5 Bb8 24.
gxf4 Qh4 25. Qf2 Qd8 26. d6 Re6 27. Bd5 Bf7 28. Bxe6 Bxe6 29. Qg3 Qd7 30. Kf2 a6 31. Rg1 Ba7 32. Ke1 b5 33. cxb5 axb5 34. a3 c4 35. Rg2 Bd5 36. Rd2 Be4 37. Bd4 Ra8 38. Qe3 Bxd4 39. Rxd4 Ra6 40. Rcd1 Ra8 41. Rxe4 fxe4 42.
Qxe4 Re8 43. f5 Kh8 44. e6 Qa7 45. d7 Qg1+ 46. Kd2 Qxh2+ 47. Kc1 Rd8 48. e7 Qh6+ 49. Kb1 Rg8 50. d8=Q 1-0

[Event "*** Titled Tuesday Blitz"]
[Site "Chess.com"]
[Date "2018.01.02"]
[Round "3"]
[White "hermionegrangermagic"]
[Black "Maitreia"]
[Result "1/2-1/2"]
[WhiteElo "2419"]
[BlackElo "2559"]
[TimeControl "180+2"]
[EndTime "13:39:17 PST"]
[Termination "Game drawn by repetition"]

1. e4 c5 2. Nf3 g6 3. d4 cxd4 4.
Nxd4 Nc6 5. c4 Nf6 6. Nc3 Nxd4 7.
Qxd4 d6 8. Be2 Bg7 9. O-O O-O 10. Qd1 Bd7 11. Be3 Bc6 12. Qc2 a5 13. b3 Nd7 14.
Rad1 Qc7 15. f4 b6 16. Bf3 Nc5 17. Nd5 Bxd5 18. cxd5 Rfc8 19. Qe2 h5 20. g4 hxg4 21. Bg2 Qd7 22. f5 Bf6 23. Qxg4 Kg7 24. h4 Rh8 25. Bg5 Rh5 26. Bxf6+ exf6 27. Qf4 g5 28. hxg5 Rxg5 29. Rf3 Rh8 30. Rg3 Qe7 31. Rf1 Rh5 32. a3 Rxg3 33. Qxg3+ Rg5 34. Qh4 Nxb3 35. Rf3 Nc5 36.
Rh3 Rxg2+ 37. Kh1 Kf8 38. Kxg2 Qe5 39. Qg3 Qxe4+ 40. Kh2 Qxd5 41. Rh8+ Ke7 42. Qg8 Qe5+ 43. Kh1 Qe4+ 44. Kh2 Qc2+ 45. Kh1 Qd1+ 46. Kh2 Qe2+ 47. Kh1 Qf1+ 48. Kh2 Qf2+ 49. Kh1 Qf3+ 50. Kh2 Qf4+ 51. Kh1 Qe4+ 52. Kh2 Qf4+ 53. Kh1 Qf1+ 54. Kh2 Qe2+ 55. Kh1 Qd1+ 56. Kh2 Qc2+ 57. Kh1 Qb1+ 58. Kh2 Qc2+ 59. Kh1 Qe4+ 60. Kh2 Qe5+ 61. Kh1 Qd5+ 62. Kh2 Qd2+ 63. Kh1 Qe1+ 64. Kh2 Qf2+ 65. Kh1 Qf1+ 66. Kh2 Qf4+ 67.
Kh1 Qe4+ 68. Kh2 Qe2+ 69. Kh1 Qe4+ 1/2-1/2

[Event "*** Titled Tuesday Blitz"]
[Site "Chess.com"]
[Date "2018.01.02"]
[Round "3"]
[White "guillembaches"]
[Black "TastyFrenchFries"]
[Result "0-1"]
[WhiteElo "2207"]
[BlackElo "2325"]
[TimeControl "180+2"]
[EndTime "13:39:19 PST"]
[Termination "TastyFrenchFries won by resignation"]

1. d4 e6 2. Bf4 Nf6 3. e3 d6 4. Nd2 Be7 5. Bd3 O-O 6. h3 a6 7. a4 Re8 8. Ngf3 Nc6 9. c3 Bf8 10. Bh2 e5 11. Qc2 exd4 12. cxd4 Nb4 13. Qc3 Nxd3+ 14.
Qxd3 d5 15. O-O c6 16. Ne5 a5 17. f3 Nd7 18. f4 f6 19. Nef3 Qe7 20. Rfe1 Nb6 21.
b3 g6 22. g4 Bd7 23. Re2 Qf7 24. Rc1 Bb4 25. Kg2 Re7 26. Bg3 Qe6 27. Bf2 h5 28. Qxg6+ Rg7 29. Qxh5 Rh7 30. Qg6+ Rg7 31. Qd3 Kf7 32.
Bg3 Rag8 33. f5 Qe7 34. Nh4 Re8 35. Ndf3 Nc8 36. Ng6 Qd8 37. e4 dxe4 38. Rxe4 Rxe4 39. Qxe4 Nd6 40. Bxd6 Bxd6 41. d5 c5 42. Re1 Rg8 43.
Qd3 Re8 44. Rxe8 Qxe8 45. Kf2 Kg7 46. Qe3 Qd8 47. h4 c4 48. bxc4 b6 49. Kg2 Bxa4 50. g5 Bd7 51. gxf6+ Qxf6 52. Qg5 Bxf5 53. Nf4+ Qxg5+ 54. hxg5 Bxf4 55. Nd4 Bd7 56. Kf3 Bxg5 57. Ke4 a4 58.
Kd3 Be7 59. Kc2 Bc5 60. Nf3 Kf6 0-1

[Event "*** Titled Tuesday Blitz"]
[Site "Chess.com"]
[Date "2018.01.02"]
[Round "3"]
[White "MITerryble"]
[Black "ftorodent"]
[Result "0-1"]
[WhiteElo "2652"]
[BlackElo "2499"]
[TimeControl "180+2"]
[EndTime "13:39:20 PST"]
[Termination "ftorodent won by resignation"]

1. d4 d5 2. Nf3 Nf6 3. c4 e6 4. e3 Be7 5. Bd3 O-O 6. b3 b6 7. O-O Bb7 8. Bb2 Nbd7 9. Nbd2 c5 10.
cxd5 Nxd5 11. Rc1 cxd4 12. Nxd4 Nc5 13. Bb1 Bf6 14. Nc4 Rc8 15. Qe2 Ba6 16. Rfd1 Qe7 17. Qg4 g6 18. h3 Rfd8 19. Ba3 h5 20. Qf3 Bb7 21. Qe2 e5 22. Nb5 Ba6 23. Nc3 Nxc3 24. Rxc3 e4 25. Rcc1 Qe6 26. Bxc5 Rxc5 27. Rxd8+ Bxd8 28. Qd1 Bc7 29. Nd2 Qd6 30. Nf1 Rxc1 31. Qxc1 Bxf1 32. Kxf1 Qh2 33. Qc2 f5 34. Ke2 Be5 35. Qc8+ Kh7 36. Qe6 Bg7 37. g4 Qxh3 38. gxf5 Qf3+ 39.
Kf1 gxf5 40. Bc2 h4 41. Qd7 h3 42. Bd1 Qg2+ 43. Ke2 Qg6 44. Bc2 h2 45. Bxe4 fxe4 46.
Qh3+ Qh6 47. Qf5+ Kh8 48. Qc8+ Bf8 0-1

[Event "*** Titled Tuesday Blitz"]
[Site "Chess.com"]
[Date "2018.01.02"]
[Round "3"]
[White "chessking2151"]
[Black "Indianlad"]
[Result "0-1"]
[WhiteElo "2405"]
[BlackElo "2657"]
[TimeControl "180+2"]
[EndTime "13:39:25 PST"]
[Termination "Indianlad won by resignation"]

1. e4 Nf6 2. e5 Ng8 3. d4 d6 4. Nf3 Bg4 5. h3 Bh5 6. g4 Bg6 7. Bg2 e6 8. O-O c6 9. Re1 d5 10. c4 h5 11. cxd5 cxd5 12. Nc3 Nc6 13. Qb3 Nb4 14.
Bg5 Qd7 15. Re2 hxg4 16. hxg4 Nh6 17. Nh2 Nc6 18. Rd1 Be7 19. Bxe7 Qxe7 20. Na4 O-O 21. a3 Rac8 22. Qh3 Qg5 23. Qg3 Na5 24. f4 Qe7 25. Nc3 Rfd8 26. Bf1 Nc4 27. Rg2 Rc6 28. Bxc4 dxc4 29.
Nf3 Bd3 30. Rh2 Qd7 31. Qh4 Kf8 32. Qg5 Qe7 33. Rh4 a6 34. a4 Ke8 35. Qxe7+ Kxe7 36. d5 exd5 37. Nd4 Rg6 38. g5 Ng8 39. Kf2 Rb6 40.
Rd2 g6 41. Rh8 Re6 42. Nxe6 Kxe6 43. Ne2 d4 44. Ng3 Kd5 45. Kg2 Rc8 46. Rd1 Ne7 47.
Rxc8 Nxc8 48. Kf2 b5 49. axb5 axb5 50. Ne2 Ne7 51. Ng3 Nc6 52. Ra1 c3 53. bxc3 dxc3 54. Ke3 Kc4 55. Ra6 Nb4 56. Ra8 Nd5+ 57. Kf3 c2 58. Rc8+ Kb3 59. Ne2 Kb2 60. f5 Bxf5 61.
Nd4 c1=Q 62. Rxc1 Kxc1 0-1

[Event "*** Titled Tuesday Blitz"]
[Site "Chess.com"]
[Date "2018.01.02"]
[Round "3"]
[White "theblitzchamp"]
[Black "kikydu96"]
[Result "0-1"]
[WhiteElo "2453"]
[BlackElo "2441"]
[TimeControl "180+2"]
[EndTime "13:39:28 PST"]
[Termination "kikydu96 won by checkmate"]

1. e4 e5 2. Nf3 Nc6 3. d4 exd4 4.
Bc4 Nf6 5. O-O Nxe4 6. Nc3 Nxc3 7. bxc3 Be7 8. cxd4 d5 9. Bd3 O-O 10. h3 h6 11. c3 Be6 12. Bf4 Qd7 13. Rb1 Rab8 14. Qd2 Bd6 15. Rfe1 Rfe8 16. Bxh6 gxh6 17. Qxh6 Bf5 18.
Qg5+ Bg6 19. Bxg6 fxg6 20. Qxg6+ Kh8 21. Ng5 Rxe1+ 22. Rxe1 Qg7 23. Qh5+ Kg8 24. Ne6 Qf6 25. Qxd5 Ne7 26. Qc4 Kh8 27. Re4 Rg8 28. Qe2 Qh6 29.
Qe3 Qxe3 30. Rxe3 Rg6 31. g3 Nd5 32. Re1 Nxc3 33. Kg2 Nxa2 34. h4 a5 35. h5 Rf6 36.
f4 a4 37. Kf3 a3 38. g4 Nc3 39. g5 Rf5 40. Kg4 Ra5 41. g6 a2 42. Nd8 Nb1 43. Re8+ Kg7 44. Ne6+ Kf6 45. Ng5 a1=Q 46. Re6+ Kg7 47. Nf7 Qxd4 48. h6+ Kf8 49. Nxd6 cxd6 50.
g7+ Kf7 51. Rg6 Qg1+ 52. Kf3 Qxg6 53. h7 Qxh7 54. f5 Qxf5+ 55. Kg3 Ra3+ 56. Kh4 Rh3# 0-1

[Event "*** Titled Tuesday Blitz"]
[Site "Chess.com"]
[Date "2018.01.02"]
[Round "3"]
[White "ramses135"]
[Black "pultineviciuspaulius"]
[Result "1/2-1/2"]
[WhiteElo "2372"]
[BlackElo "2518"]
[TimeControl "180+2"]
[EndTime "13:39:31 PST"]
[Termination "Game drawn - insufficient material"]

1. e4 c6 2. d4 d5 3. Nc3 dxe4 4. Nxe4 Nf6 5. Nxf6+ exf6 6. c3 Bd6 7. Bd3 O-O 8. Ne2 Nd7 9. Qc2 g6 10. O-O c5 11. Be3 Qc7 12. h3 cxd4 13. Nxd4 a6 14. Rad1 Nc5 15. Be2 Re8 16. Bf3 f5 17. Rfe1 Bd7 18.
Nb3 Ne4 19. Bd4 Bc6 20. Be2 Rad8 21. Nd2 Bh2+ 22. Kf1 Rxd4 23. cxd4 Ng3+ 24. fxg3 Bxg2+ 25. Kxg2 Qxc2 26. Kxh2 Rxe2+ 27. Rxe2 Qxd1 28. Rf2 Qe1 29. Kg2 h5 30. Nf3 Qa1 31. a3 Qa2 32. h4 Qd5 33. Rd2 f4 34. gxf4 Kg7 35. Kf2 Kf6 36. Ne1 Qe4 37. Ng2 Qd5 38. Ne3 Qd6 39. Kf3 b5 40. d5 Ke7 41. Rc2 Qf6 42. b4 Qxh4 43.
Rc7+ Ke8 44. d6 Qh3+ 45. Kf2 Qh2+ 46. Kf3 Qh3+ 47. Kf2 Qe6 48. Re7+ Qxe7 49. dxe7 Kxe7 50. Kf3 Ke6 51. Ke4 h4 52. Nf1 f5+ 53. Ke3 Kf6 54.
Nh2 g5 55. fxg5+ Kxg5 56. Kf3 Kf6 57. Kf4 Ke6 58. Nf3 h3 59. Ng5+ Kd5 60. Nxh3 Kc4 61. Kxf5 Kb3 62. Nf4 Kxa3 63. Nd5 Ka4 64. Ke4 a5 65. bxa5 Kxa5 66. Kd3 b4 67. Nxb4 1/2-1/2

[Event "*** Titled Tuesday Blitz"]
[Site "Chess.com"]
[Date "2018.01.02"]
[Round "3"]
[White "TenisMaster"]
[Black "TregubovP"]
[Result "1-0"]
[WhiteElo "2694"]
[BlackElo "2530"]
[TimeControl "180+2"]
[EndTime "13:39:33 PST"]
[Termination "TenisMaster won by resignation"]

1. e4 c5 2. Nf3 e6 3. d4 cxd4 4.
Nxd4 Nc6 5. Nc3 Nf6 6. a3 Be7 7. Be3 d5 8. exd5 Nxd5 9. Nxd5 Qxd5 10. c4 Qe4 11. Qd3 Qxd3 12. Bxd3 e5 13. Nf5 Bxf5 14.
Bxf5 g6 15. Be4 O-O-O 16. Bd5 f5 17. O-O-O Kc7 18. f3 Bf6 19. Rd2 Nd4 20. Kb1 f4 21. Bf2 g5 22. Re1 Rhe8 23. h3 b6 24. Bxd4 exd4 25.
Rxe8 Rxe8 26. Be4 h5 27. Kc2 Re7 28. b4 g4 29. hxg4 hxg4 30. Kb3 Rg7 31. c5 bxc5 32.
bxc5 Rg5 33. Kc4 Be7 34. Bd5 gxf3 35. gxf3 Rg1 36. Kxd4 Rc1 37. c6 Bxa3 38. Rh2 Bc5+ 39. Ke5 Re1+ 40. Be4 Bb6 41. Rh7+ Kd8 42. Kd6 Rd1+ 43. Bd5 Bc7+ 44. Ke6 Re1+ 45. Be4 Bb6 46. c7+ Kc8 47. Kd6 Rd1+ 48. Bd5 Rxd5+ 49. Kxd5 Bxc7 50. Kc6 Bd8 51. Rxa7 Kb8 52. Rg7 Bh4 53. Rf7 Bg3 54.
Kd5 Kc8 55. Ke4 Kd8 56. Rxf4 Ke7 57. Rf5 Bc7 58. Rh5 Kf6 59. Rh6+ Kg5 60. Rc6 Bh2 61.
Rc8 Kf6 62. f4 Ke6 63. Rc6+ Ke7 64. Ra6 Bg1 65. Rh6 Bf2 66. Ke5 Be1 67. Rh7+ Ke8 68. Ke6 Bc3 69. f5 Kf8 70. f6 Kg8 71. Rc7 1-0

[Event "*** Titled Tuesday Blitz"]
[Site "Chess.com"]
[Date "2018.01.02"]
[Round "3"]
[White "Kaphrep"]
[Black "severomorskij"]
[Result "1-0"]
[WhiteElo "2657"]
[BlackElo "2652"]
[TimeControl "180+2"]
[EndTime "13:39:50 PST"]
[Termination "Kaphrep won by resignation"]

1. d4 Nf6 2. Nf3 e6 3. e3 c5 4.
Bd3 d5 5. O-O Nc6 6. b3 cxd4 7.
exd4 Be7 8. Bb2 O-O 9. Nbd2 Nb4 10. Be2 b6 11. a3 Nc6 12. Bd3 Bb7 13. Qe2 Re8 14. Rfe1 Bf8 15. Ne5 g6 16. Ndf3 Bg7 17.
h4 Nxe5 18. Nxe5 Rc8 19. Qf3 Qe7 20. a4 Ne4 21. a5 f6 22. Ng4 h5 23. Ne3 f5 24. g3 Qc7 25. axb6 Qxb6 26. Ng2 Bxd4 27. Bxd4 Qxd4 28. Ra4 Qb6 29. Rea1 Ra8 30. Qe3 Qxe3 31.
Nxe3 a5 32. Rxa5 Rxa5 33. Rxa5 d4 34. Nc4 Bd5 35. Ne5 Ra8 36. Rxa8+ Bxa8 37. Nxg6 Nc5 38. b4 Nxd3 39. cxd3 Kg7 40. Nf4 e5 41. Nxh5+ Kg6 42. g4 f4 43. Kh2 Bf3 44. Kh3 Be2 45. b5 Bf1+ 46. Kh2 Bxd3 47. b6 Be4 48. Kg1 d3 49. Kf1 Bf3 50. Ke1 Be4 51. Kd2 Kf7 52. g5 Kg6 53.
Nf6 Bb7 54. Nd7 Kf5 55. Nc5 Bc6 56. b7 Bxb7 57. Nxb7 e4 58. Nd6+ Kg4 59. Nxe4 Kf3 60. g6 1-0

[Event "*** Titled Tuesday Blitz"]
[Site "Chess.com"]
[Date "2018.01.02"]
[Round "3"]
[White "Aariow"]
[Black "Spartakus1975"]
[Result "1/2-1/2"]
[WhiteElo "2387"]
[BlackElo "2575"]
[TimeControl "180+2"]
[EndTime "13:39:50 PST"]
[Termination "Game drawn by stalemate"]

1. Nf3 d5 2. g3 Nf6 3. Bg2 e6 4. O-O c5 5. d4 cxd4 6. Nxd4 e5 7. Nb3 Be6 8. c4 Nc6 9. cxd5 Bxd5 10. Nc3 Bxg2 11.
Kxg2 Bb4 12. Qxd8+ Rxd8 13. Bg5 Bxc3 14. bxc3 Ke7 15.
Rfd1 h6 16. Bxf6+ Kxf6 17. Nc5 b6 18. Nb7 Rxd1 19. Rxd1 Ke7 20. Nd6 g6 21. Nc4 Rc8 22. Rd5 f6 23. Ne3 Ke6 24. f4 Ne7 25. Rd3 e4 26. Rd4 f5 27. c4 Nc6 28. Rd5 Na5 29. Re5+ Kf7 30. g4 fxg4 31. Rxe4 h5 32. Kg3 Rd8 33.
Kh4 Rd2 34. Nd5 Nxc4 35. Rxc4 Rxd5 36. Rc7+ Kf6 37. Rxa7 Rd2 38. Rb7 Rxe2 39. Rxb6+ Kf5 40. Kg3 Re3+ 41. Kf2 Rf3+ 42. Kg2 Rxf4 43. Rb5+ Kf6 44.
Rb6+ Kg5 45. Rb5+ Kh4 46. Rb6 g5 47. Rb3 Rc4 48. Rb2 Rc3 49. Rd2 Ra3 50. Rb2 Rh3 51. Rb4 Rd3 52. Rb2 Rc3 53. Rd2 Rh3 54. Rd4 Re3 55.
Rd2 Re1 56. Rb2 Rc1 57. Rd2 Rc3 58. Rb2 g3 59. h3 Re3 60. Rc2 Re4 61. Rb2 g4 62.
hxg4 Kxg4 63. Rb8 Re2+ 64. Kf1 Rxa2 65. Kg1 h4 66. Rb1 Ra3 67. Kg2 h3+ 68. Kh1 Kf3 69. Rf1+ Ke2 70. Rg1 Rd3 71. Rf1 g2+ 72. Kh2 gxf1=Q 1/2-1/2

[Event "*** Titled Tuesday Blitz"]
[Site "Chess.com"]
[Date "2018.01.02"]
[Round "3"]
[White "ChristopherYoo"]
[Black "Pirlo1"]
[Result "1/2-1/2"]
[WhiteElo "2284"]
[BlackElo "2224"]
[TimeControl "180+2"]
[EndTime "13:40:00 PST"]
[Termination "Game drawn by repetition"]

1. e4 e5 2. Nf3 Nf6 3. Nxe5 d6 4.
Nf3 Nxe4 5. Nc3 Nf6 6. d4 d5 7. Be2 Be7 8. O-O O-O 9. Ne5 Nbd7 10. Bf4 Re8 11. Bf3 c6 12. Re1 Nf8 13. Qd2 Ng6 14. Bg3 Bb4 15. a3 Ba5 16. b4 Bb6 17. Re2 Bf5 18. Rae1 Nxe5 19. Bxe5 Nd7 20. Bf4 Rxe2 21.
Rxe2 Qf6 22. Bxd5 Qxd4 23. Be4 Bxe4 24. Rxe4 Qxd2 25. Bxd2 Kf8 26. Bf4 Rd8 27. Bd6+ Kg8 28. Re7 Nf6 29. Bc7 Rd2 30. Bxb6 axb6 31. h3 Rxc2 32.
Rxb7 h6 33. Na4 b5 34. Nc5 Ra2 35. Rc7 Rxa3 36. Rxc6 Ra1+ 37. Kh2 Rb1 38. Na6 Ra1 39. Nc7 Rb1 40. Na6 Ra1 41. Nc7 Rb1 42. Na6 Ra1 43. Nc7 Ra4 44. Nxb5 Rxb4 45. Nc3 Rb2 46. Kg3 Rc2 47.
Kf3 Kh7 48. Rc5 Nd7 49. Rc7 Ne5+ 50. Kg3 Nd3 51. f3 Ne1 52. Re7 Nxg2 53. Rxf7 Ne3 54. Ne4 Kg8 55. Rd7 g5 56. h4 Rg2+ 57. Kh3 gxh4 58.
Nf6+ Kf8 59. Nh7+ Ke8 60. Nf6+ Kf8 61. Nh7+ Kg8 62. Nf6+ Kf8 63. Nh7+ 1/2-1/2

[Event "*** Titled Tuesday Blitz"]
[Site "Chess.com"]
[Date "2018.01.02"]
[Round "3"]
[White "bascheyaro"]
[Black "littleozy"]
[Result "1-0"]
[WhiteElo "2558"]
[BlackElo "2378"]
[TimeControl "180+2"]
[EndTime "13:40:02 PST"]
[Termination "bascheyaro won by resignation"]

1. d4 Nf6 2. c4 e6 3. Nf3 b6 4.
Bg5 Bb7 5. Nc3 Be7 6. e3 h6 7. Bh4 d5 8. cxd5 Nxd5 9. Bxe7 Nxe7 10. Bd3 O-O 11. O-O Nd7 12. Qc2 c5 13. dxc5 Nxc5 14. Be2 Qc8 15. Rac1 a6 16. Rfd1 Rd8 17. b4 Rxd1+ 18. Nxd1 Nd7 19. Qb2 Qd8 20. Nc3 Nf6 21.
Rd1 Qe8 22. Ne5 Ned5 23. Nxd5 Bxd5 24. f3 Qa4 25. a3 a5 26. e4 axb4 27. exd5 bxa3 28.
Qxb6 Nxd5 29. Qb7 Ra7 30. Qc8+ Kh7 31. Bd3+ g6 32. Bc2 Qf4 33. Bxg6+ fxg6 34. Qxe6 Nf6 35. Nd7 Nxd7 36. Rxd7+ Rxd7 37. Qxd7+ Kg8 38. Qe8+ Kg7 39. Qe7+ Qf7 40. Qxa3 Qd7 41. Qc3+ Kh7 42. Kf2 h5 43. Qe3 Qd6 44. g3 Qc7 45. Qe2 Qc5+ 46. Kg2 Qc7 47.
Qe4 Qd7 48. Qe3 Qc7 49. Qd3 Qb7 50. Qc2 Qe7 51. h4 Qd7 52. Kh2 Qe7 53. Qe4 Qc7 54. Kh3 Qd7+ 55. g4 hxg4+ 56. Qxg4 Qc7 57. h5 gxh5 58.
Qxh5+ Kg7 59. Qg5+ Kf8 60. Kg4 Qa7 61. Qh6+ Kg8 62. Qg6+ Kf8 63. f4 Qa6 64. Qxa6 1-0